 Dungeon Crawl Stone Soup version 0.27.1-1-g398f81649c (webtiles) character file.

Game seed: 10717648661009907221

23 nxtlvl the Grave Robber (level 2, -4/22 HPs)
             Began as a Minotaur Necromancer on Sept 10, 2021.
             Killed by nerve-wracking pain
             ... invoked by Jessica
              (13 damage)
             ... on level 2 of the Dungeon.
             The game lasted 00:04:21 (381 turns).

nxtlvl the Grave Robber (Minotaur Necromancer)       Turns: 381, Time: 00:04:22

Health: -4/22      AC: 10    Str: 12    XL:     2   Next: 72%
Magic:  3/3        EV:  2    Int: 12    God:
Gold:   18         SH:  0    Dex: 10    Spells: 2/3 levels left

rFire    . . .     SeeInvis .   a - +2 whip (freeze)
rCold    . . .     Faith    .   (no shield)
rNeg     . . .     Spirit   .   C - +0 plate armour
rPois    .         Reflect  .   (helmet restricted)
rElec    .         Harm     .   (no cloak)
rCorr    .         Rampage  .   (no gloves)
Will     .....                  (no boots)
Stlth    ..........             (no amulet)
HPRegen  0.07/turn              (no ring)
MPRegen  0.08/turn              (no ring)

@: no status effects
A: horns 2, retaliatory headbutt
a: no special abilities


You were on level 2 of the Dungeon.
You visited 1 branch of the dungeon, and saw 2 of its levels.

You collected 18 gold pieces.

Inventory:

Hand Weapons
 a - a +2 whip of freezing (weapon)
Missiles
 h - 8 bolts
Armour
 c - a +0 ring mail
 C - a +0 plate armour (worn)
Scrolls
 e - a scroll of torment {unknown}
 g - a scroll of identify {unknown}
Potions
 b - a potion of magic {unknown}
 d - a potion of invisibility {unknown}
 f - a potion of flight {unknown}


   Skills:
 + Level 0.5 Fighting
 - Level 2.1 Dodging
 - Level 1.5 Stealth
 - Level 1.3 Spellcasting
 + Level 3.5 Necromancy


You had 2 spell levels left.
You knew the following spells:

 Your Spells              Type           Power      Damage    Failure   Level
z - Pain                  Necr           36%        1d5       100%        1

Your spell library contained the following spells:

 Spells                   Type           Power      Damage    Failure   Level
 Animate Skeleton         Necr           18%        N/A       100%        1
 Vampiric Draining        Necr           4%         2d6       100%        3
 Animate Dead             Necr           4%         N/A       100%        4
 Agony                    Necr           9%         N/A       100%        5


Dungeon Overview and Level Annotations

Branches:
Dungeon (2/15)

Altars:

Annotations:
D:2 Jessica


Innate Abilities, Weirdness & Mutations

You have a pair of horns on your head.
You reflexively headbutt those who attack you in melee.


Message History

Throw: 2 stones
Press: ? - help, Q - select action, (/) - cycle Shift-Dir - straight line, f - quokka
Aim: a quokka (38% to hit)
You throw a stone. The stone closely misses the quokka.
Throw: stone
Press: ? - help, Q - select action, (/) - cycle Shift-Dir - straight line, f/p - quokka
Aim: a quokka (38% to hit)
You throw a stone. The stone barely misses the quokka.
You whack the quokka! You freeze the quokka.
You kill the quokka!
A goblin comes into view. It is wielding a +0 dagger.
The goblin shouts!
A frilled lizard comes into view.
The frilled lizard hisses angrily.
You hit the goblin. You freeze the goblin.
The goblin is severely wounded.
The goblin hits you but does no damage.
You closely miss the goblin.
The goblin is severely wounded.
The goblin hits you but does no damage.
You hit the goblin. You freeze the goblin.
You kill the goblin!
You barely miss the frilled lizard.
The frilled lizard bites you but does no damage.
The frilled lizard bites you.
You hit the frilled lizard. You freeze the frilled lizard.
You kill the frilled lizard!
Jessica the Apprentice Sorceress comes into view.
She is wielding a +0 dagger.
Found a scroll labelled REQOMI JUNWUTT.
Jessica shouts!
Okay, then.
Okay, then.
Jessica mumbles some strange words.
Jessica seems to speed up.
You barely miss Jessica. Jessica hits you with a +0 dagger. x2
You completely miss Jessica. Jessica gestures at you while chanting.
Pain shoots through your body!
Ouch! That really hurt!
You die...

###..#..# .....
.......# #####.....
....... #........
.....# #...l... ....#
#.....#### ### ...#
#......(.. .@.. #..#
#......... ..... #..#
#.........
......#@.###.....####
......@....).........
......#..####.#######.#
...?..#..##.....### #.#
#####
#..##.###...###.#.
#.....#...........
#.##. #.###.###.##
#.#.....#.....#.#
..#.... #.###.#.#


You could see Jessica (fast).

Vanquished Creatures
  A bat (D:1)
  2 endoplasms (D:1)
  4 goblins
  A hobgoblin (D:1)
  3 kobolds (D:1)
  3 quokkas
  2 ball pythons (D:1)
  3 frilled lizards
  3 rats (D:1)
22 creatures vanquished.

Notes
Turn   | Place    | Note
-------+----------+-------------------------------------------
     0 | D:1      | nxtlvl the Minotaur Necromancer began the quest for the
                  | Orb.
     0 | D:1      | Reached XP level 1. HP: 14/14 MP: 1/1
    34 | D:1      | Reached skill level 3 in Necromancy
   131 | D:1      | Reached XP level 2. HP: 13/20 MP: 0/3
   316 | D:1      | Found a faded altar of an unknown god.
   373 | D:2      | Noticed Jessica
   381 | D:2      | Killed from afar by Jessica

Illustrated notes

Levels and vault maps discovered:
D:1:      roderic_chinese_lattice_arrival, layout_rooms,
          ebering_ecumenical_altar_abandoned, st_stairs_13, moated_statue
D:2:      layout_basic, hangedman_abyss_or_decor_stabs, uniq_jessica

Skill      XL: |  1 |
---------------+----+-----
Necromancy     | 3 |  3.5
Fighting       | |  0.5
Dodging        | |  2.1
Stealth        | |  1.5
Spellcasting   | |  1.3

Action                   || total
-------------------------++-------
Melee: Unarmed           ||    15
       Headbutt          ||     8
       Whip              ||    27
Throw: Stone             ||    39
 Cast: Pain              ||     3
Armor: Plate armour      ||     3
       Ring mail         ||     1
Dodge: Dodged            ||    20
